 Dungeon Crawl Stone Soup version 0.29-a0-598-gd8304a5bf4 (console) character file.

Game seed: 9211500581976052001

2691 om the Cleaver (level 9, -8/79 HPs)
             Began as a Minotaur Fighter on June 15, 2022.
             Was a Priest of Makhleb.
             Mangled by a manticore (17 damage)
             ... on level 7 of the Dungeon.
             The game lasted 00:12:40 (6143 turns).

om the Cleaver (Minotaur Fighter)                   Turns: 6143, Time: 00:12:41

Health: -8/79      AC:  6    Str: 21    XL:     9   Next: 38%
Magic:  9/9        EV: 14    Int:  5    God:    Makhleb [***...]
Gold:   369        SH:  6    Dex: 14    Spells: 8/8 levels left

rFire   . . .      SeeInvis .   a - +1 war axe
rCold   . . .      Faith    .   c - +0 buckler
rNeg    . . .      Spirit   .   j - +2 leather armour {Will+}
rPois   .          Reflect  .   (helmet restricted)
rElec   .          Harm     .   (no cloak)
rCorr   .          Rampage  .   (no gloves)
Will    ++...                   (no boots)
Stlth   +.........              (no amulet)
HPRegen 0.23/turn               b - ring of willpower
MPRegen 0.11/turn               (no ring)

@: no status effects
A: horns 2, retaliatory headbutt
a: Renounce Religion, Minor Destruction, Lesser Servant of Makhleb


You were on level 7 of the Dungeon.
You worshipped Makhleb.
Makhleb was most pleased with you.
You visited 1 branch of the dungeon, and saw 7 of its levels.

You collected 369 gold pieces.

Inventory:

Hand Weapons
 a - a +1 war axe (weapon)
 q - a +2 battleaxe
Missiles
 d - a throwing net (quivered)
Armour
 c - a +0 buckler (worn)
 j - a +2 leather armour of willpower (worn)
 m - a +3 scale mail of positive energy
Jewellery
 b - a ring of willpower (left hand)
Wands
 g - a wand of flame (42)
 l - a wand of digging (3)
 s - a wand of polymorph (10)
Scrolls
 f - 4 scrolls of fear
 n - a scroll of magic mapping
 o - a scroll of enchant weapon
 r - a scroll of amnesia
Potions
 e - 3 potions of curing
 h - a potion of brilliance
 k - a potion of haste
 p - a potion of flight


   Skills:
 + Level 7.1 Fighting
 * Level 10.5 Axes
 + Level 8.0 Armour
 + Level 6.4 Dodging
 + Level 8.0 Shields
 * Level 2.5 Invocations


You had 8 spell levels left.
You didn't know any spells.
Your spell library contained the following spells:

 Spells                   Type           Power      Damage    Failure   Level
 Summon Small Mammal      Summ           0%         N/A       58%         1
 Call Canine Familiar     Summ           0%         N/A       92%         3
 Confusing Touch          Hex            0%         N/A       92%         3
 Frozen Ramparts          Ice            0%         1d2       92%         3
 Portal Projectile        Hex/Tloc       0%         N/A       92%         3
 Stone Arrow              Conj/Erth      0%         3d7       92%         3
 Summon Guardian Golem    Hex/Summ       0%         N/A       92%         3
 Animate Armour           Summ/Erth      0%         N/A       100%        4
 Ice Form                 Ice/Tmut       0%         N/A       100%        4
 Leda's Liquefaction      Hex/Erth       0%         N/A       100%        4
 Summon Ice Beast         Ice/Summ       0%         N/A       100%        4
 Yara's Violent Unravell  Hex/Tmut       0%         3d3       100%        5
 Enfeeble                 Hex            0%         N/A       100%        7
 Lehudib's Crystal Spear  Conj/Erth      0%         10d2      100%        8


Dungeon Overview and Level Annotations

Branches:
Dungeon (7/15)             Temple (0/1) D:5

Altars:
Makhleb
Ru
Wu Jian
Zin

Shops:
D:5 (   D:6 *


Innate Abilities, Weirdness & Mutations

You have a pair of horns on your head.
You reflexively headbutt those who attack you in melee.


Message History

Makhleb accepts your kill.
A manticore comes into view.
Things that are here:
a +0 spear; 17 gold pieces A scorpion comes into view.
Things that are here:
a +0 spear; a gnoll corpse
Things that are here:
a +0 club; a +0 leather armour The manticore flicks its tail.
The volley of spikes hits you.
The barbed spikes become lodged in your body.
The barbs in your skin will harm you if you move.
Continue? [Y]es or [N]o only, please.
The barbs in your skin will harm you if you move.
Continue? [Y]es or [N]o only, please.
The barbs in your skin will harm you if you move.
Continue?
Okay, then.
You slice the manticore!! Your headbutt misses the manticore.
The manticore is moderately wounded.
The manticore closely misses you. You furiously retaliate!
You headbutt the manticore, but do no damage.
The manticore closely misses you.
The manticore claws you but does no damage.
You barely miss the manticore.
The manticore is moderately wounded.
You carefully extract the barbed spikes from your body.
The manticore barely misses you. The manticore closely misses you.
The manticore claws you!
You slice the manticore!!
The manticore is almost dead.
The manticore bites you!! The manticore claws you!
* * * LOW HITPOINT WARNING * * *
The manticore claws you!
* * * LOW HITPOINT WARNING * * *
Okay, then.
Aiming: Minor Destruction (7% risk of failure)
Press: ? - help, Shift-Dir - straight line, f - manticore
Aim: a manticore (almost dead)
The stone arrow misses the manticore.
The manticore bites you!
You die...

.........###...#..##.#
.......... ##.....#..#
.....##... #........##
.... .....##.#....##
..................#
≈........ ...#....##
≈≈......# # ##..##
.≈......## #...#
.≈.......## ###..##
s≈........###...##
≈..........##@##
#....)...H.#
#.#..).)..#..#
#....)....####
............#
#..........##
..#(.....###
........## ...#....#
...##.... .. #....


You could see a manticore.

Vanquished Creatures
  Pikel (D:5)
  2 steam dragons (D:7)
  Duvessa (D:5)
  3 orc warriors
  A black bear (D:7)
  An ice beast (D:7)
  An ogre (D:7)
  4 lemures
  A phantom (D:6)
  A necrophage (D:6)
  A scorpion (D:4)
  3 wights (D:6)
  Dowan (D:5)
  4 killer bees (D:7)
  A howler monkey (D:6)
  An orc priest (D:6)
  3 hounds
  Jessica (D:3)
  2 gnoll shamans (D:7)
  5 orc wizards
  Ijyb (D:3)
  10 gnolls
  13 adders
  2 shadow imps (D:6)
  An ufetubus (D:6)
  A worm (D:3)
  A dart slug (D:3)
  19 orcs
  7 bats
  7 endoplasms
  A giant cockroach (D:4)
  7 goblins
  6 hobgoblins
  5 quokkas
  3 training dummies (D:5)
  2 ball pythons
  3 frilled lizards
  4 kobolds
  4 rats
135 creatures vanquished.

Vanquished Creatures (collateral kills)
  2 killer bees (D:7)
2 creatures vanquished.

Grand Total: 137 creatures vanquished

Notes
Turn   | Place    | Note
-------+----------+-------------------------------------------
     0 | D:1      | om the Minotaur Fighter began the quest for the Orb.
     0 | D:1      | Reached XP level 1. HP: 19/19 MP: 0/0
   246 | D:1      | Reached XP level 2. HP: 26/27 MP: 1/1
   587 | D:2      | Reached skill level 3 in Axes
   853 | D:2      | Reached skill level 1 in Dodging
   853 | D:2      | Reached XP level 3. HP: 28/33 MP: 2/2
   858 | D:2      | Reached skill level 8 in Axes
   858 | D:2      | Reached XP level 4. HP: 45/45 MP: 3/3
   957 | D:2      | Found a faded altar of an unknown god.
   981 | D:2      | Prayed at the altar of an unknown god.
   981 | D:2      | Became a worshipper of Makhleb the Destroyer
   981 | D:2      | Reached * piety under Makhleb
  1126 | D:3      | Noticed Ijyb
  1134 | D:3      | Killed Ijyb
  1267 | D:3      | Reached XP level 5. HP: 51/51 MP: 4/4
  1417 | D:3      | Noticed Jessica
  1422 | D:3      | Killed Jessica
  2191 | D:4      | Reached XP level 6. HP: 58/58 MP: 5/5
  2241 | D:4      | Reached skill level 5 in Dodging
  2638 | D:4      | Reached ** piety under Makhleb
  2780 | D:4      | Found an ornate altar of the Wu Jian Council.
  2885 | D:5      | Entered Level 5 of the Dungeon
  2913 | D:5      | Noticed Duvessa
  2929 | D:5      | Noticed Dowan
  2936 | D:5      | Killed Duvessa
  2938 | D:5      | Killed Dowan
  2939 | D:5      | Reached XP level 7. HP: 49/64 MP: 6/6
  3109 | D:5      | Found a staircase to the Ecumenical Temple.
  3135 | D:5      | Noticed Pikel
  3358 | D:5      | Killed Pikel
  3359 | D:5      | Reached skill level 9 in Axes
  3359 | D:5      | Reached XP level 8. HP: 60/71 MP: 7/7
  3442 | D:5      | Found Honav's Firing Range.
  3644 | D:5      | Found a sacrificial altar of Ru.
  3787 | D:5      | Found a glowing silver altar of Zin.
  4373 | D:6      | Found Xeygish's Serpentskin Sales.
  4780 | D:7      | Reached skill level 10 in Axes
  4786 | D:7      | Reached skill level 1 in Invocations
  5049 | D:7      | Reached *** piety under Makhleb
  5072 | D:6      | Reached XP level 9. HP: 43/78 MP: 9/9
  5739 | D:7      | HP: 1/79 [poisoned by a killer bee]
  6126 | D:7      | Noticed a manticore
  6143 | D:7      | Mangled by a manticore

Illustrated notes

Levels and vault maps discovered:
D:1:      minmay_arrival_doors, layout_basic
D:2:      layout_rooms, dreamdust_ecumenical_altar_angels_and_demons,
          minmay_tetromino_i4
D:3:      layout_loops_corners, minivault_23, uniq_ijyb, uniq_jessica
D:4:      layout_gridville, mainiacjoe_overflow_alcove_2
D:5:      layout_basic, mainiacjoe_overflow_swirl, minmay_temple_entry_mist,
          nicolae_shop_firing_range, uniq_duvessa, uniq_pikel
D:6:      layout_basic, minmay_holes, guppyfry_shop_venom
D:7:      layout_cave_pools, xom_confusion_cloud

Skill      XL: |  1  2  3  4  5  6  7  8  9 |
---------------+----------------------------+-----
Axes           | 3 8 9 10 | 10.5
Fighting       | 4 6 7 |  7.1
Armour         | 4 6 7 8 |  8.0
Dodging        | 1 4 5 6 |  6.4
Shields        | 6 7 8 |  8.0
Invocations    | 1 2 |  2.5

Action                   |  1- 3 |  4- 6 |  7- 9 || total
-------------------------+-------+-------+-------++-------
Melee: War axe           |    46 |    94 |   191 ||   331
       Headbutt          |     4 |    16 |    30 ||    50
Invok: Minor Destruction |       |       |     3 ||     3
       Lesser Servant of |       |       |     1 ||     1
  Use: Scroll            |     4 |     4 |     6 ||    14
       Potion            |     4 |     1 |     5 ||    10
 Stab: Invisible         |       |     1 |       ||     1
Armor: Scale mail        |    31 |     5 |       ||    36
       Leather armour    |       |    21 |    41 ||    62
Dodge: Dodged            |    18 |    64 |   150 ||   232
Block: Buckler           |     9 |    28 |    68 ||   105

Table legend: (Time is in decaauts)
 A = Elapsed time spent in this place.
 B = Non-inter-level travel time spent in this place.
 C = Inter-level travel time spent in this place.
 D = Time resting spent in this place.
 E = Time spent auto-exploring this place.
 F = Levels seen in this place.
 G = Mean time per level.
                   A        B        C        D        E       F      G
               +--------+--------+--------+--------+--------+-----+--------+
         Total |   6182 |   6038 |    144 |   1221 |   3724 |   7 |  883.1 |
       Dungeon |   6182 |   6038 |    144 |   1221 |   3724 |   7 |  883.1 |
               +--------+--------+--------+--------+--------+-----+--------+

Top non-repeatable levels by time:
     D:6: 1221 daAuts
     D:3: 1077 daAuts
     D:7: 1042 daAuts
     D:4: 892 daAuts
     D:5: 835 daAuts
     D:1: 582 daAuts
     D:2: 529 daAuts
